 Dungeon Crawl Stone Soup version 0.25-a0-578-gc91f01c39c (webtiles) character file.

Game seed: 3072957578232482501, levelgen mode: classic

39 EnegeticOcto the Shield-Bearer (level 3, 0/34 HPs)
             Began as a Deep Dwarf Fighter on Mar 5, 2020.
             Slain by a sky beast (3 damage)
             ... on level 3 of the Dungeon.
             The game lasted 00:00:23 (519 turns).

EnegeticOcto the Shield-Bearer (Deep Dwarf Fighter)  Turns: 519, Time: 00:00:24

Health: 0/34       AC:  6    Str: 20    XL:     3   Next: 28%
Magic:  3/3        EV:  7    Int:  8    God:
Gold:   61         SH:  9    Dex: 12    Spells: 2/2 levels left

rFire    . . .     SeeInvis .   a - +0 war axe
rCold    . . .     Gourm    .   c - +0 kite shield
rNeg     . . .     Faith    .   b - +0 scale mail
rPois    .         Spirit   .   (no helmet)
rElec    .         Reflect  .   (no cloak)
rCorr    .         Harm     .   (no gloves)
MR       .....                  (no boots)
Stlth    ..........             (no amulet)
HPRegen  0.00/turn              (no ring)
MPRegen  0.08/turn              (no ring)

@: non-regenerating
A: damage resistance, heal wounds, sense surroundings 1, no regeneration
a: Heal Wounds


You were on level 3 of the Dungeon.
You were not hungry.

You visited 1 branch of the dungeon, and saw 3 of its levels.

You collected 61 gold pieces.

Inventory:

Hand Weapons
 a - a +0 war axe (weapon)
Armour
 b - a +0 scale mail (worn)
 c - a +0 kite shield (worn)
Jewellery
 i - a +3 ring of strength {unknown}
Scrolls
 f - a scroll of remove curse {unknown}
 g - a scroll of identify {unknown}
 j - a scroll of enchant armour {unknown}
Potions
 h - a potion of heal wounds {unknown}
 k - a potion of might {@q3}
Comestibles
 d - 7 chunks of flesh
 e - 3 rations


   Skills:
 * Level 3.2 Fighting
 * Level 2.9 Axes
 + Level 3.6 Armour
 + Level 3.6 Shields


You had 2 spell levels left.
You didn't know any spells.
Your spell library was empty.

Dungeon Overview and Level Annotations

Branches:
Dungeon (3/15)

Altars:
The Shining One


Innate Abilities, Weirdness & Mutations

You are resistant to damage.
You can heal yourself by infusing magical energy.
You passively map a small area around you.
You do not regenerate.


Message History

You see here a stone.
You closely miss the goblin. The goblin hits you but does no damage.
You barely miss the goblin. The goblin hits you but does no damage.
The goblin shoots a stone.
The stone barely misses you. The goblin hits you but does no damage.
Your shield prevents you from hitting the goblin.
The goblin shoots a stone.
You block the stone. You block the goblin's attack.
The goblin shoots a stone.
The stone barely misses you.
You hit the goblin but do no damage. The goblin hits you but does no damage.
You block the goblin's attack.
You slash the goblin!
You kill the goblin!
The goblin shoots a stone.
The stone hits you but does no damage.
The goblin shoots a stone.
You block the stone.
You see here a stone.
The goblin shoots a stone.
The stone hits you but does no damage.
You see here a stone.
A bat comes into view.
The goblin unwields a +0 hunting sling.
The goblin hits you but does no damage.
Found a stone staircase leading up.
You hit the goblin.
The goblin is heavily wounded.
The goblin hits you but does no damage.
You completely miss the goblin.
The goblin is heavily wounded.
You block the bat's attack. The goblin hits you.
The goblin hits you but does no damage.
You slash the goblin!
You kill the goblin!
The bat hits you but does no damage. You block the bat's attack.
The bat hits you but does no damage.
You slash the bat!
You kill the bat!
No target in view!
No target in view!
No target in view!
No target in view!
No target in view!
No target in view!
No target in view!
No target in view!
No target in view!
No target in view!
No target in view!
Things that are here:
a +0 hunting sling; 19 stones; a goblin corpse You butcher the goblin corpse.
d - 5 chunks of flesh (gained 3)
Things that are here:
a +0 hunting sling; 19 stones; a goblin skeleton
Things that are here:
a +0 hunting sling; 19 stones; a goblin skeleton You butcher the bat corpse.
d - 6 chunks of flesh (gained 1)
You see here a bat skeleton. x2
You now have 61 gold pieces (gained 9).
Things that are here:
a +0 dagger; a goblin corpse You butcher the goblin corpse.
d - 7 chunks of flesh (gained 1)
Things that are here:
a +0 dagger; a goblin skeleton
Things that are here:
a +0 dagger; a goblin skeleton
Found a stone staircase leading down.
A sky beast comes into view.
(D) Dungeon
Where to? (Enter - D:3, ? - help)
A sky beast is nearby!
You block the sky beast's attack.
You completely miss the sky beast.
The sky beast flickers out of sight!
Deactivating autopickup; reactivate with Ctrl-A.
Something hits you. Something shocks you.
No target in view!
No target in view!
No target in view!
No target in view!
No target in view!
No target in view!
No target in view!
No target in view!
No target in view!
No target in view!
No target in view!
(D) Dungeon
Where to? (Enter - D:4, ? - help)
There is a strange disturbance nearby!
Your shield and scale mail prevent you from hitting something.
Something hits you but does no damage. Something hits you.
Something shocks you.
You hit something but do no damage. Something hits you but does no damage.
You barely miss something. Something hits you. Something shocks you.
* * * LOW HITPOINT WARNING * * *
Something hits you but does no damage.
You miss something. Something hits you.
* * * LOW HITPOINT WARNING * * *
Something shocks you.
* * * LOW HITPOINT WARNING * * *
You closely miss something. Something hits you. Something shocks you.
You die...

, #..........# *
#..........# ,
#..........# #####
#..........# .....
##..........####.....
#>.$.................
#....{...............
#....@...............
#...............)..<.
#..>.........รท.......
#............).......,
#....................
#..........(....##..#
#.........(.....# .#
#.......<().....# #
################# *


There were no monsters in sight!

Vanquished Creatures
  An adder (D:2)
  A dart slug (D:1)
  A leopard gecko (D:1)
  3 bats
  A giant cockroach (D:1)
  7 goblins
  4 hobgoblins (D:1)
  A frilled lizard (D:1)
  2 kobolds
  6 rats
27 creatures vanquished.

Notes
Turn   | Place    | Note
-------+----------+-------------------------------------------
     0 | D:1      | EnegeticOcto the Deep Dwarf Fighter began the quest for the
                  | Orb.
     0 | D:1      | Reached XP level 1. HP: 20/20 MP: 1/1
    57 | D:1      | Reached XP level 2. HP: 21/27 MP: 2/2
   267 | D:2      | Reached XP level 3. HP: 22/34 MP: 3/3
   456 | D:2      | Found a glowing golden altar of the Shining One.
   510 | D:3      | Noticed a sky beast
   519 | D:3      | Slain by a sky beast

Levels and vault maps discovered:
D:1:      dpeg_arrival_short_road, layout_basic
D:2:      layout_basic, marbit_many_paths
D:3:      layout_basic, old_standard_altar, dancing_weapons_uskayaw,
          grunt_dithmenos_smoke, serial_corexii_hall,
          corexii_hall_statues_deadend, chequers_hall_statues_y,
          minmay_misc_feat_encased, uniq_crazy_yiuf_cottage, uniq_sigmund

Skill      XL: |  1  2 |
---------------+-------+-----
Fighting       | 3 |  3.2
Axes           | |  2.9
Armour         | |  3.6
Shields        | |  3.6

Action                   || total
-------------------------++-------
Melee: War axe           ||    73
Armor: Scale mail        ||    41
Dodge: Dodged            ||    18
Block: Kite shield       ||    37

Table legend:
 A = Non-vault XP
 B = Vault XP
 C = Vault XP percentage of total XP
 D = Non-vault monster count
 E = Vault monster count
 F = Vault count percentage of total count
                 A         B        C        D         E       F
            +---------+---------+-------+---------+---------+-------
      Total |      57 |       0 |   0.0 |      27 |       0 |   0.0
            +---------+---------+-------+---------+---------+-------
        D:1 |      33 |       0 |   0.0 |      19 |       0 |   0.0
        D:2 |      19 |       0 |   0.0 |       5 |       0 |   0.0
        D:3 |       5 |       0 |   0.0 |       3 |       0 |   0.0
            +---------+---------+-------+---------+---------+-------
